 Dungeon Crawl Stone Soup version 0.32-a0-960-g3814254bd7 (webtiles) character file.

Game seed: 16198604663255063129

207 Essalna the Digger (level 5, 0/31 HPs)
             Began as a Gargoyle Earth Elementalist on Apr 17, 2024.
             Incinerated by a bombardier beetle (3 damage)
             ... with a burning spray
             ... on level 3 of the Dungeon.
             The game lasted 00:04:00 (1842 turns).

Essalna the Digger (Gargoyle Earth Elementalist)    Turns: 1842, Time: 00:04:00

Health: 0/31       AC:  6    Str: 11    XL:     5   Next: 85%
Magic:  4/9        EV: 11    Int: 18    God:
Gold:   130        SH:  0    Dex: 10    Spells: 6/10 levels left

rFire   . . .        i - +1 short sword (venom)
rCold   . . .        (no shield)
rNeg    + . .        a - +0 robe
rPois   ∞            (no helmet)
rElec   +            (no cloak)
rCorr   .            (no gloves)
SInv    .            (no boots)
Will    .....        (no amulet)
Stlth   +            (no ring)
HPRegen 0.25/turn    (no ring)
MPRegen 0.11/turn

%: no passive effects
@: on fire, glowing
A: sickness immunity, AC +4, negative energy resistance 1, electricity
resistance, torment resistance 1, petrification resistance
a: no special abilities


You were on level 3 of the Dungeon.
You visited 1 branch of the dungeon, and saw 3 of its levels.
You also visited: Sewer.

You collected 130 gold pieces.

Inventory:

Hand Weapons
 e - a +0 rapier
 i - a +1 short sword of venom (weapon)
Armour
 a - a +0 robe (worn)
Wands
 r - a wand of flame (11)
Scrolls
 d - 2 scrolls of fear
 h - a scroll of torment {unknown}
 j - 2 scrolls of teleportation
 k - 4 scrolls of poison {unknown}
 l - a scroll of vulnerability {unknown}
 m - 2 scrolls of enchant armour {unknown}
 n - a scroll of blinking
Potions
 b - a potion of magic
 c - 3 potions of heal wounds {unknown}
 f - a potion of enlightenment
 g - a potion of resistance {unknown}
 o - 2 potions of mutation {unknown}
 p - a potion of haste {unknown}
 q - 2 potions of curing {unknown}


   Skills:
 + Level 2.7 Fighting
 - Level 1.5 Dodging
 - Level 2.1 Stealth
 + Level 3.1 Spellcasting
 + Level 3.1 Conjurations
 + Level 4.9 Earth Magic


You had 6 spell levels left.
You knew the following spells:

 Your Spells              Type           Power      Damage    Failure   Level
a - Sandblast             Erth           40%        2d10      2%          1
b - Stone Arrow           Conj/Erth      34%        3d9       10%         3

Your spell library contained the following spells:

 Spells                   Type           Power      Damage    Failure   Level
 Passwall                 Erth           20%        N/A       6%          3
 Sting                    Conj/Alch      32%        1d5       9%          1
 Apportation              Tloc           4%         N/A       16%         1
 Necrotise                Necr           8%         1d4       16%         1
 Summon Small Mammal      Summ           8%         N/A       16%         1
 Jinxbite                 Hex            4%         N/A       24%         2
 Brom's Barrelling Bould  Conj/Erth      17%        2d4       30%         4
 Petrify                  Alch/Erth      11%        N/A       52%         4
 Alistair's Intoxication  Alch           1%         N/A       99%         5


Dungeon Overview and Level Annotations

Branches:
Dungeon (3/15)              Sewer (visited)

Altars:


Innate Abilities, Weirdness & Mutations

You are immune to sickness and miasma.
Your stone body is resilient. (AC +4)
You are immune to poison.
You resist negative energy. (rN+)
You are resistant to electric shocks. (rElec)
You are resistant to unholy torment.
You are immune to petrification.


Message History

The liquid fire burns you!
The blast of sand misses the bombardier beetle.
The liquid fire burns you!
The bombardier beetle sprays incendiary fluid at you.
The burning spray misses you.
You are too injured to fight recklessly!
You are too injured to fight recklessly!
You are too injured to fight recklessly!
Casting: Sandblast (safe; 2% risk of failure)
Confirm with . or Enter, or press ? or * to list all spells.
Aiming: Sandblast (safe; 2% risk of failure)
Press: ? - help, Shift-Dir - straight line, f/p - bombardier beetle
Aim: a bombardier beetle (severely wounded, 90% to hit)
The blast of sand hits the bombardier beetle but does no damage.
The bombardier beetle is severely wounded.
The liquid fire burns you!
Casting: Sandblast (safe; 2% risk of failure)
Confirm with . or Enter, or press ? or * to list all spells.
Aiming: Sandblast (safe; 2% risk of failure)
Press: ? - help, Shift-Dir - straight line, f/p - bombardier beetle
Aim: a bombardier beetle (severely wounded, 90% to hit)
The blast of sand misses the bombardier beetle.
The liquid fire burns you!
* * * LOW HITPOINT WARNING * * *
Casting: Sandblast (safe; 2% risk of failure)
Confirm with . or Enter, or press ? or * to list all spells.
Aiming: Sandblast (safe; 2% risk of failure)
Press: ? - help, Shift-Dir - straight line, f/p - bombardier beetle
Aim: a bombardier beetle (severely wounded, 90% to hit)
The blast of sand hits the bombardier beetle.
The bombardier beetle is almost dead.
The liquid fire burns you!
* * * LOW HITPOINT WARNING * * *
You shake off the liquid fire.
The bombardier beetle sprays incendiary fluid at you.
The burning spray hits you.
You are covered in liquid fire!
You shake off some of the fire as you move.
The liquid fire burns you!
You die...

######## ####.......
##.##.###### ##...#.######
...###########............
#.....B..@.##.......#.....
#...#####.................
. ........................
..........###..##...####
###.................#
##[.###.###..##..## #..
#># #......# ### #?. #.#
##.## ...... #.. #.# #.#
....


You could see a bombardier beetle.

Vanquished Creatures
  Pargi (Sewer)
  A phantom (D:3)
  An adder (D:2)
  3 ribbon worms
  A dart slug (D:1)
  3 ball pythons
  3 bats (D:1)
  An endoplasm (D:1)
  4 giant cockroaches (D:1)
  4 goblins (D:2)
  A hobgoblin (D:1)
  4 jackals (Sewer)
  A frilled lizard (D:1)
  5 kobolds
  2 rats
35 creatures vanquished.

Notes
Turn   | Place    | Note
-------+----------+-------------------------------------------
     0 | D:1      | Essalna the Gargoyle Earth Elementalist began the quest for
                  | the Orb.
     0 | D:1      | Reached XP level 1. HP: 10/10 MP: 3/3
   180 | D:1      | Reached XP level 2. HP: 16/16 MP: 0/5
   590 | D:1      | Reached skill level 1 in Fighting
  1066 | D:2      | Reached skill level 4 in Earth Magic
  1066 | D:2      | Reached XP level 3. HP: 20/20 MP: 4/6
  1394 | D:3      | Found a glowing drain.
  1417 | Sewer    | Entered a sewer
  1558 | Sewer    | Noticed Pargi
  1571 | Sewer    | Learned a level 3 spell: Stone Arrow
  1587 | Sewer    | Killed Pargi
  1588 | Sewer    | Reached XP level 4. HP: 12/26 MP: 0/8
  1588 | Sewer    | Reached XP level 5. HP: 14/30 MP: 0/9
  1747 | D:3      | Noticed a phantom
  1753 | D:3      | Killed a phantom
  1842 | D:3      | Incinerated by a bombardier beetle

Illustrated notes

Levels and vault maps discovered:
D:1:      dpeg_arrival_lava_altar, layout_basic
D:2:      layout_loops_ring, corexii_corridor_pit, minmay_hexomino_c4
D:3:      layout_loops_ring, mainiacjoe_overflow_surrounded_room,
          cheibrodos_sewer_entry_sluice, kennysheep_jessica_study

Skill      XL: |  1  2  3  4  5 |
---------------+----------------+-----
Fighting       | 1 2 |  2.7
Earth Magic    | 4 |  4.9
Conjurations   | 2 3 |  3.1
Spellcasting   | 3 |  3.1
Dodging        | |  1.5
Stealth        | |  2.1

Action                     |  1- 3 |  4- 6 || total
---------------------------+-------+-------++-------
  Melee: Rapier            |     5 |       ||     5
         Short sword       |     6 |       ||     6
   Cast: Sandblast         |    47 |    11 ||    58
    Use: Scroll            |     5 |       ||     5
 Armour: Robe              |    22 |     3 ||    25
  Dodge: Dodged            |    21 |     2 ||    23

Table legend: (Time is in decaauts)
 A = Elapsed time spent in this place.
 B = Non-inter-level travel time spent in this place.
 C = Inter-level travel time spent in this place.
 D = Time resting spent in this place.
 E = Time spent auto-exploring this place.
 F = Levels seen in this place.
 G = Mean time per level.
                   A        B        C        D        E       F      G
               +--------+--------+--------+--------+--------+-----+--------+
         Total |   1882 |   1826 |     56 |      0 |   1562 |   4 |  470.5 |
       Dungeon |   1571 |   1515 |     56 |      0 |   1319 |   3 |  523.7 |
         Sewer |    311 |    311 |      0 |      0 |    242 |   1 |  311.0 |
               +--------+--------+--------+--------+--------+-----+--------+

Top non-repeatable levels by time:
     D:1: 744 daAuts
     D:2: 657 daAuts
   Sewer: 311 daAuts
     D:3: 169 daAuts
